 Dungeon Crawl Stone Soup version 0.19.0-11-g3fc08b3 (webtiles) character file.

28132 Chiseanne the Fighter (level 13, 0/177 HPs)
             Began as a Centaur Venom Mage on Nov 8, 2016.
             Was an Initiate of Gozag.
             Succumbed to an orc knight's poison
             ... on level 13 of the Dungeon.
             The game lasted 00:48:06 (25879 turns).

Chiseanne the Fighter (Centaur Venom Mage)         Turns: 25879, Time: 00:48:06

Health: 0/177      AC: 21    Str: 24    XL:     13   Next: 8%
Magic:  15/15      EV: 13    Int: 17    God:    Gozag
Gold:   506        SH:  0    Dex: 13    Spells: 2 memorised, 11 levels left

rFire  + . .     SeeInvis .     s - +9 short sword "Equn" {elec, *Rage Str+6 Int+3}
rCold  . . .     Gourm    .     O - +1 leather armour of the Maze {rF+ Stlth+} (curse)
rNeg   . . .     Faith    .     (no shield)
rPois  .         Spirit   .     G - +1 helmet
rElec  .         Reflect  .     o - +1 cloak
rCorr  .         Harm     .     B - +1 pair of gloves
MR     .....     Rnd*Rage +     x - +1 centaur barding
Stlth  ..........               (no amulet)
                                (no ring)
                                J - ring of stealth

@: berserking, lethally poisoned (0 -> -21), gold aura, very quick
A: hooves 3, deformed body, speed 2, tough skin 3
a: Potion Petition, Call Merchant, Bribe Branch, Renounce Religion


You were on level 13 of the Dungeon.
You worshipped Gozag.
Gozag was pleased with you.
You were hungry.

You visited 1 branch of the dungeon, and saw 14 of its levels.

You collected 3420 gold pieces.
You spent 728 gold pieces at shops.
You paid 2186 gold pieces to Gozag.

Inventory:

Hand Weapons
 a - the +8 morningstar of Visag {protect, +Rage rC+ rN+}
   (You bought it in a shop on level 13 of the Dungeon)

   It protects the one who uses it against injury (+AC on strike).
   It protects you from cold.
   It protects you from negative energy.
   It lets you go berserk.
 s - the +9 short sword "Equn" (weapon) {elec, *Rage Str+6 Int+3}
   (You found it on level 5 of the Dungeon)

   Occasionally, upon striking a foe, it will discharge some electrical energy
   and cause terrible harm.
   It affects your strength (+6).
   It affects your intelligence (+3).
   It may make you go berserk in combat.
 w - the +10 hand crossbow of the Median {freeze, Dex+4}
   (You bought it in a shop on level 11 of the Dungeon)

   It causes projectiles fired from it to freeze those they strike, causing
   extra injury to most foes and up to half again as much damage against
   particularly susceptible opponents.
   They can also slow down cold-blooded creatures.
   It affects your dexterity (+4).
Missiles
 h - 217 arrows
 j - 465 stones (quivered)
 m - 149 sling bullets
 p - 12 tomahawks
 t - 5 tomahawks of returning
 D - a throwing net
 I - 65 poisoned needles
 L - 48 bolts
 Q - 6 javelins
Armour
 o - a +1 cloak (worn)
 x - a +1 centaur barding (worn)
 B - a +1 pair of gloves (worn)
 G - a +1 helmet (worn)
 N - +1 pearl dragon scales
 O - the cursed +1 leather armour of the Maze (worn) {rF+ Stlth+}
   (You bought it in a shop on level 13 of the Dungeon)

   It protects you from fire.
   It makes you more stealthy.
   It has a curse placed upon it.
Jewellery
 J - a ring of stealth (left hand)
Wands
 E - a wand of disintegration (12/24)
 P - a wand of slowing (41/48)
 R - a wand of iceblast (7/15)
Scrolls
 f - a scroll of enchant armour
 g - a scroll of amnesia
 l - 5 scrolls of fear
 u - 5 scrolls of blinking
 y - a scroll of magic mapping
 z - 5 scrolls of remove curse
 M - a scroll of identify
 S - a scroll of immolation
Potions
 e - a potion of cancellation
 k - 3 potions of magic
 q - 2 potions of resistance
 r - 3 potions of ambrosia
 A - 5 potions of curing
 F - 2 potions of brilliance
 U - a potion of flight {unknown}
Books
 b - a Young Poisoner's Handbook

   Spells                             Type                      Level
   a - Sting                          Conjuration/Poison           1
   b - Mephitic Cloud                 Conjuration/Poison/Air       3
   c - Olgreb's Toxic Radiance        Poison                       4
   d - Alistair's Intoxication        Transmutation/Poison         5
   e - Venom Bolt                     Conjuration/Poison           5
 d - a book of Unlife

   Spells                             Type                      Level
   a - Recall                         Summoning/Translocation      3
   b - Animate Dead                   Necromancy                   4
   c - Control Undead                 Necromancy                   4
   d - Cigotuvi's Embrace             Necromancy                   5
   e - Death Channel                  Necromancy                   6
   f - Simulacrum                     Ice/Necromancy               6
 v - a book of Changes

   Spells                             Type                      Level
   a - Beastly Appendage              Transmutation                1
   b - Sticks to Snakes               Transmutation                2
   c - Spider Form                    Transmutation/Poison         3
   d - Ice Form                       Ice/Transmutation            4
   e - Blade Hands                    Transmutation                5
 C - a book of Battle

   Spells                             Type                      Level
   a - Infusion                       Charms                       1
   b - Shroud of Golubria             Charms/Translocation         2
   c - Song of Slaying                Charms                       2
   d - Spectral Weapon                Hexes/Charms                 3
   e - Regeneration                   Charms/Necromancy            3
Comestibles
 c - a bread ration
 i - 7 meat rations


   Skills:
 - Level 12.2 Fighting
 * Level 2.7 Maces & Flails
 * Level 10.1 Armour
 * Level 10.2 Dodging
 - Level 1.1 Stealth
 - Level 1.5 Spellcasting
 - Level 3.2 Poison Magic


You had 11 spell levels left.
You knew the following spells:

 Your Spells              Type           Power        Failure   Level  Hunger
a - Sting                 Conj/Pois      #...         12%         1    ##.....
b - Mephitic Cloud        Conj/Pois/Air  #.......     54%         3    ####...


Dungeon Overview and Level Annotations

Branches:
Dungeon (14/15)            Temple (0/1) D:6            Lair (0/6) D:11
    Orc (0/2) D:10
 Vaults: D:13-14

Altars:
Gozag
Nemelex Xobeh
Qazlal
Ru
Yredelemnul
The Shining One
Jiyva

Shops:
D:8 (   D:11 (=   D:13 ([

Annotations:
D:4 Azareth's ghost, amateur MiBe


Innate Abilities, Weirdness & Mutations

You have hooves in place of feet.
Armour fits poorly on your strangely shaped body.
You cover ground very quickly.
You have extremely tough skin. (AC +3)


Message History

You barely miss the orc knight. Your kick misses the orc knight.
The orc knight is almost dead.
You feel sick.
The orc knight hits you with a trident of venom!
* * * LOW HITPOINT WARNING * * *
You are more poisoned.
You puncture the orc knight!
There is a sudden explosion of sparks!
You kill the orc knight!
* * * LOW HITPOINT WARNING * * *
You feel sick.
* * * LOW HITPOINT WARNING * * *
You feel sick.
Things that are here:
4 gold pieces; a trident of venom; a chain mail You are too berserk!
Unknown command.
You feel a strong urge to attack something.
You are feeling hungry.
You die...
Your body crumbles into a pile of gold.

######## ##......##
#..#..#..# #.#..#...#
#...#.[..#
#..#..#[.#############
#.#..#...............#
####...#...###.>........#
.##...#..#.###..@.......#
<.#..#..#...##......>...#
.......#................#
####..#..#.....=........#
# #.#..#....)..........#
# #...#................#
# #..#..#..............#
# ##.........#####.#####
########..###...###.#


There were no monsters in sight!

Vanquished Creatures
  A fire dragon (D:14)
  A hydra (D:12)
  Erolcha (D:10)
  Urug (D:14)
  A tengu warrior (D:12)
  A skeletal warrior (D:14)
  3 unseen horrors
  5 hill giants
  An orc knight (D:13)
  An ugly thing (D:12)
  5 cyclopes
  2 manticores
  A centaur zombie (D:14)
  5 centaur skeletons
  A gargoyle (D:14)
  2 kobold demonologists (D:12)
  A tengu conjurer (D:13)
  3 trolls
  3 meliai
  4 two-headed ogres
  A hornet (D:14)
  9 hippogriffs
  A vampire (D:10)
  Eustachio (D:6)
  A wyvern (D:11)
  Grum (D:10)
  A golden eye (shapeshifter) (D:14)
  3 vampire mosquitoes (D:12)
  A hungry ghost (D:7)
  2 mottled dragons (D:13)
  A swamp drake (D:10)
  7 orc warriors
  2 sky beasts
  2 ice beasts
  7 phantoms
  8 ogres
  4 wolves
  8 centaurs
  11 big kobolds
  12 bullfrogs
  A water moccasin zombie (D:8)
  2 scorpions
  7 killer bees
  14 wights
  10 howler monkeys
  A quasit (D:11)
  2 bullfrog zombies
  4 crimson imps
  7 jellies
  23 orc wizards
  11 orc priests
  A gnoll shaman (D:6)
  6 hounds
  A bullfrog skeleton (D:12)
  Terence (D:3)
  4 iguanas
  18 worker ants
  A hound zombie (D:8)
  8 gnolls (D:6)
  12 adders
  6 oozes
  An adder skeleton (D:5)
  An adder zombie (D:5)
  5 worms
  4 dart slugs
  8 leopard geckos
  56 orcs
  4 bats
  12 giant cockroaches
  3 goblins
  10 hobgoblins
  8 jackals
  5 quokkas
  A ball python (D:2)
  6 frilled lizards
  A jackal skeleton (D:7)
  31 kobolds
  A quokka skeleton (D:7)
  7 rats
430 creatures vanquished.

Vanquished Creatures (others)
  An orc priest (D:7)
  An orc wizard (D:6)
  2 orcs (D:7)
4 creatures vanquished.

Grand Total: 434 creatures vanquished

Notes
Turn   | Place    | Note
-------+----------+-------------------------------------------
     0 | D:1      | Chiseanne the Centaur Venom Mage began the quest for the Orb.
     0 | D:1      | Reached XP level 1. HP: 14/14 MP: 3/3
   114 | D:1      | Reached skill level 1 in Fighting
   508 | D:1      | Reached XP level 2. HP: 21/23 MP: 4/4
  1265 | D:2      | Reached XP level 3. HP: 29/29 MP: 5/5
  1521 | D:2      | Reached skill level 2 in Fighting
  1588 | D:2      | Found a faded altar of an unknown god.
  1845 | D:2      | Reached XP level 4. HP: 30/36 MP: 6/6
  2267 | D:3      | Reached skill level 1 in Armour
  2510 | D:3      | Reached XP level 5. HP: 34/44 MP: 7/7
  2727 | D:3      | Noticed an orc warrior
  2732 | D:3      | Noticed Terence
  2953 | D:2      | Learned a level 3 spell: Mephitic Cloud
  3163 | D:2      | Reached skill level 3 in Fighting
  3856 | D:3      | Killed Terence
  4187 | D:4      | Reached XP level 6. HP: 37/51 MP: 1/8
  4392 | D:4      | Noticed Azareth's ghost (amateur MiBe)
  5180 | D:4      | Reached skill level 4 in Fighting
  5384 | D:5      | Entered Level 5 of the Dungeon
  5414 | D:5      | Found a basalt altar of Yredelemnul.
  5523 | D:6      | Reached XP level 7. HP: 30/59 MP: 9/9
  6915 | D:5      | Found a glowing golden altar of the Shining One.
  6968 | D:5      | Found an opulent altar of Gozag.
  6974 | D:5      | Found a sacrificial altar of Ru.
  6987 | D:5      | Became a worshipper of Gozag Ym Sagoz the Greedy
  6998 | D:5      | Found a sparkling altar of Nemelex Xobeh.
  7001 | D:5      | Got a fine short sword
  7003 | D:5      | Identified the +9 short sword "Equn" {elec, *Rage Str+6 Int+3} (You found it on level 5 of the Dungeon)
  7084 | D:5      | Reached skill level 5 in Fighting
  7085 | D:5      | Found a stormy altar of Qazlal.
  7306 | D:5      | Reached XP level 8. HP: 59/68 MP: 10/10
  7781 | D:6      | Found a staircase to the Ecumenical Temple.
  7839 | D:6      | Noticed Eustachio
  8157 | D:6      | Killed Eustachio
  8157 | D:6      | Reached skill level 6 in Fighting
  8157 | D:6      | Reached skill level 5 in Dodging
  8997 | D:7      | Noticed a hippogriff
  9006 | D:7      | Reached XP level 9. HP: 37/78 MP: 11/11
  9013 | D:7      | Reached skill level 5 in Armour
  9491 | D:7      | Reached skill level 7 in Fighting
 10950 | D:9      | Reached skill level 8 in Fighting
 10998 | D:9      | Noticed a troll
 11017 | D:9      | Killed a troll
 11236 | D:9      | Reached XP level 10. HP: 79/88 MP: 12/12
 11452 | D:9      | Found a viscous altar of Jiyva.
 11524 | D:10     | Entered Level 10 of the Dungeon
 11537 | D:10     | Noticed Grum
 11912 | D:10     | Killed Grum
 12883 | D:10     | Killed an unseen horror
 13257 | D:10     | Reached skill level 9 in Fighting
 13605 | D:10     | Noticed Erolcha
 13628 | D:10     | Killed Erolcha
 15179 | D:11     | Reached XP level 11. HP: 87/99 MP: 13/13
 15622 | D:11     | Bought a shimmering hand crossbow for 255 gold pieces
 16588 | D:10     | Found a staircase to the Orcish Mines.
 16729 | D:11     | Found Dal Tir's Jewellery Shoppe.
 16879 | D:11     | Bought a cursed -2 ring of protection for 30 gold pieces
 16978 | D:11     | Reached skill level 10 in Fighting
 16997 | D:11     | Found a staircase to the Lair.
 17192 | D:11     | Identified the +10 hand crossbow of the Median {freeze, Dex+4} (You bought it in a shop on level 11 of the Dungeon)
 18387 | D:12     | Noticed a hill giant
 18396 | D:12     | Killed a hill giant
 19416 | D:12     | Noticed a hill giant
 19419 | D:12     | Noticed a hill giant
 19422 | D:12     | Killed a hill giant
 19426 | D:12     | Killed a hill giant
 20282 | D:12     | Reached skill level 11 in Fighting
 20633 | D:12     | Noticed an eight-headed hydra
 20650 | D:12     | Killed an eight-headed hydra
 20705 | D:12     | Reached XP level 12. HP: 101/110 MP: 14/14
 21674 | D:13     | Found Poifuetu's Antique Armour Shop.
 21682 | D:13     | Bought a dazzling leather armour for 182 gold pieces
 21683 | D:13     | Identified the cursed +1 leather armour of the Maze {rF+ Stlth+} (You bought it in a shop on level 13 of the Dungeon)
 21698 | D:13     | Noticed a tengu warrior
 22569 | D:12     | Killed a tengu warrior
 23071 | D:14     | Noticed Urug
 23632 | D:14     | Killed Urug
 23913 | D:13     | Bought a jewelled morningstar for 261 gold pieces
 23915 | D:13     | Identified the +8 morningstar of Visag {protect, +Rage rC+ rN+} (You bought it in a shop on level 13 of the Dungeon)
 23937 | D:14     | Found an opulent altar of Gozag.
 23945 | D:14     | Reached skill level 12 in Fighting
 24577 | D:14     | Noticed a fire dragon
 24909 | D:14     | Reached skill level 1 in Maces & Flails
 24988 | D:14     | Reached skill level 10 in Dodging
 25014 | D:14     | Killed a fire dragon
 25033 | D:14     | Reached skill level 10 in Armour
 25269 | D:14     | Reached XP level 13. HP: 71/118 MP: 15/15
 25876 | D:13     | HP: 5/177 [orc knight/trident of venom (8)]
 25878 | D:13     | HP: 2/177 [poisoned by an orc knight]
 25879 | D:13     | Succumbed to an orc knight's poison

Skill      XL: |  1  2  3  4  5  6  7  8  9 10 11 12 |
---------------+-------------------------------------+-----
Fighting       | 1 2 3 4 5 6 8 9 11 12 | 12.2
Dodging        | 2 3 4 5 6 7 9 10 | 10.2
Armour         | 1 2 3 4 6 7 8 10 | 10.1
Maces & Flails | 2 |  2.7
Stealth        | |  1.1
Spellcasting   | |  1.5
Poison Magic   | |  3.2

Action                   |  1- 3 |  4- 6 |  7- 9 | 10-12 | 13-15 || total
-------------------------+-------+-------+-------+-------+-------++-------
Melee: Unarmed           |    57 |       |       |       |       ||    57
       Kick              |    25 |    72 |   169 |   329 |    18 ||   613
       Dagger            |   119 |   367 |   381 |       |       ||   867
       Hand axe          |       |       |   124 |       |       ||   124
       Short sword       |       |       |   145 |   162 |    34 ||   341
       Scythe            |       |       |    18 |   868 |       ||   886
       Morningstar       |       |       |       |   131 |    14 ||   145
 Fire: Hand crossbow     |       |       |       |    10 |       ||    10
Throw: Stone             |       |       |       |       |     2 ||     2
 Cast: Sting             |     7 |    41 |       |       |       ||    48
Invok: Call Merchant     |       |       |     1 |     2 |       ||     3
Evoke: Wand              |       |       |     3 |       |       ||     3
  Use: Scroll            |       |    14 |     5 |     8 |       ||    27
       Potion            |       |     1 |       |    12 |     2 ||    15
 Stab: Invisible         |       |     1 |       |       |       ||     1
       Sleeping          |       |       |       |     2 |       ||     2
       Distracted        |       |       |       |       |     1 ||     1
  Eat: Chunk             |     2 |    12 |     4 |       |       ||    18
       Fruit             |       |       |     6 |     6 |       ||    12
       Beef jerky        |       |       |     2 |     5 |       ||     7
       Royal jelly       |       |       |     1 |    11 |       ||    12
       Bread ration      |       |       |     3 |     2 |       ||     5
       Pizza             |       |       |       |     1 |       ||     1
Armor: Robe              |    39 |       |       |       |       ||    39
       Scale mail        |    46 |   134 |   490 |   414 |       ||  1084
       Skin              |       |    10 |       |       |       ||    10
       Pearl dragon scal |       |       |       |   681 |       ||   681
       Leather armour    |       |       |       |    80 |    23 ||   103
Dodge: Dodged            |    68 |    75 |   237 |   639 |    25 ||  1044
